 Dungeon Crawl Stone Soup version 0.29.1-2-gbd0b4ee654 (webtiles) character file.

Game seed: 13244382670951079826

1386 zermelo the Cleaver (level 8, -1/64 HPs)
             Began as a Minotaur Berserker on Nov 30, 2022.
             Was a Priest of Trog.
             Slain by a vampire (3 damage)
             ... on level 7 of the Dungeon.
             The game lasted 00:21:30 (4710 turns).

zermelo the Cleaver (Minotaur Berserker)            Turns: 4710, Time: 00:21:31

Health: -1/64      AC: 15    Str: 23    XL:     8   Next: 40%
Magic:  0/7        EV: 11    Int:  4    God:    Trog [***...]
Gold:   196        SH:  0    Dex: 11    Spells: 7/7 levels left

rFire   . . .      SeeInvis .   r - +3 quarterstaff (vamp)
rCold   . . .      Faith    .   (shield currently unavailable)
rNeg    . . .      Spirit   +   h - +1 plate armour
rPois   .          Reflect  .   (helmet restricted)
rElec   .          Harm     .   s - +2 cloak
rCorr   .          Rampage  .   (no gloves)
Will    +....                   (no boots)
Stlth   ..........              x - amulet of guardian spirit
HPRegen 0.20/turn               q - ring of willpower
MPRegen 0.10/turn               b - +4 ring of evasion

@: no status effects
A: horns 2, retaliatory headbutt
a: Renounce Religion, Berserk, Trog's Hand


You were on level 7 of the Dungeon.
You worshipped Trog.
Trog was most pleased with you.
You visited 1 branch of the dungeon, and saw 6 of its levels.
You also visited: Ossuary.

You collected 196 gold pieces.

Inventory:

Hand Weapons
 a - a +0 hand axe
 r - a +3 vampiric quarterstaff (weapon)
 w - a +0 war axe of flaming
Missiles
 c - 40 stones (quivered)
 n - 7 poisoned darts
Armour
 h - a +1 plate armour (worn)
 s - a +2 cloak (worn)
Jewellery
 b - a +4 ring of evasion (right hand)
 q - a ring of willpower (left hand)
 x - an amulet of guardian spirit (around neck)
Wands
 p - a wand of iceblast (18)
Scrolls
 d - 3 scrolls of identify
 e - a scroll of teleportation
 u - 2 scrolls of butterflies
 v - a scroll of summoning
Potions
 f - 2 potions of resistance
 g - a potion of attraction
 i - 2 potions of berserk rage {unknown}
 j - a potion of ambrosia {unknown}
 k - a potion of cancellation
 l - a potion of lignification {unknown}
 m - 8 potions of curing
 o - a potion of magic
 t - 2 potions of haste


   Skills:
 - Level 3.6 Fighting
 + Level 12.7 Axes
 - Level 2.4 Armour
 - Level 2.2 Dodging


You had 7 spell levels left.
You didn't know any spells.
Your spell library was empty.

Dungeon Overview and Level Annotations

Branches:
Dungeon (7/15)             Temple (0/1) D:4         Ossuary (visited)

Altars:
Elyvilon
Gozag
Hepliaklqana
Kikubaaqudgha
Uskayaw

Shops:
D:3 !


Innate Abilities, Weirdness & Mutations

You have a pair of horns on your head.
You reflexively headbutt those who attack you in melee.


Message History

Something bites you but does no damage.
You hit something. Your headbutt misses something.
Something hits you but does no damage. Something bites you.
Something draws strength from your injuries!
Something hits you. Something bites you.
Something draws strength from your injuries!
You sock something! Your headbutt misses something. Something hits you.
Something barely misses you.
You closely miss something. You headbutt something. Something hits you!
Something bites you.
Something draws strength from your injuries!
You miss something. Something hits you but does no damage. Something bites you.
Something draws strength from your injuries!
Something hits you. Something bites you but does no damage.
You sock something! Something draws life force from you!!
* * * LOW HITPOINT WARNING * * *
You miss something. Your headbutt misses something. Something hits you.
* * * LOW HITPOINT WARNING * * *
Something bites you.
* * * LOW HITPOINT WARNING * * *
Something draws strength from your injuries!
You hit something. Something hits you but does no damage.
Something bites you but does no damage.
You barely miss something. Your headbutt misses something.
Something hits you but does no damage. Something bites you but does no damage.
Something hits you.
* * * LOW HITPOINT WARNING * * *
Something bites you but does no damage.
You hit something but do no damage. You headbutt something.
Something hits you but does no damage. Something bites you but does no damage.
You hit something. You headbutt something.
Something hits you but does no damage. Something bites you but does no damage.
You barely miss something. Something hits you but does no damage.
Something bites you.
* * * LOW HITPOINT WARNING * * *
Something draws strength from your injuries!
Something hits you.
* * * LOW HITPOINT WARNING * * *
Something bites you.
You die...

.. .# #. ...
#####.######..#
............#
#.......#
#..>....#
#.......# #
#.......#....
#....@.......
.........{......
#####.......####
..?......#
###.........
#...##.....
#...# ......
#### ......


There were no monsters in sight!

Vanquished Creatures
  A sky beast (D:6)
  A phantom (D:6)
  Blork the orc (D:6)
  A gnoll sergeant (D:6)
  2 scorpions (D:6)
  2 bullfrogs
  5 water moccasin zombies (Ossuary)
  4 killer bees (D:6)
  A hound (D:6)
  Crazy Yiuf (D:3)
  A jelly (D:6)
  2 iguanas (D:6)
  2 orc wizards (D:6)
  2 mummies (Ossuary)
  4 gnolls (D:6)
  4 adders
  A shadow imp (D:6)
  4 adder zombies (Ossuary)
  9 dart slugs
  4 orcs
  6 endoplasms
  A giant cockroach (D:3)
  8 goblins
  7 hobgoblins
  3 jackals (D:4)
  2 quokkas (D:3)
  2 ball pythons
  7 bats
  2 frilled lizards
  3 gnoll zombies (Ossuary)
  4 hobgoblin zombies (Ossuary)
  3 kobolds
  A kobold zombie (Ossuary)
  5 orc zombies (Ossuary)
  4 rats
110 creatures vanquished.

Vanquished Creatures (others)
  15 plants (D:2)
15 creatures vanquished.

Grand Total: 125 creatures vanquished

Notes
Turn   | Place    | Note
-------+----------+-------------------------------------------
     0 | D:1      | zermelo the Minotaur Berserker began the quest for the Orb.
     0 | D:1      | Reached XP level 1. HP: 19/19 MP: 0/0
   104 | D:1      | Reached skill level 4 in Axes
   131 | D:1      | Reached XP level 2. HP: 23/26 MP: 1/1
   855 | D:2      | Reached skill level 5 in Axes
   855 | D:2      | Reached XP level 3. HP: 31/31 MP: 2/2
   979 | D:2      | Found a faded altar of an unknown god.
  1006 | D:3      | Found Betin's Distillery.
  1007 | D:3      | Found a hazy altar of Hepliaklqana.
  1031 | D:3      | Reached ** piety under Trog
  1361 | D:3      | Found an opulent altar of Gozag.
  1871 | D:3      | Found a runed translucent door.
  1872 | D:3      | Noticed Crazy Yiuf
  1877 | D:3      | Killed Crazy Yiuf
  1878 | D:3      | Reached skill level 6 in Axes
  1878 | D:3      | Reached XP level 4. HP: 26/39 MP: 3/3
  2553 | D:4      | Found a white marble altar of Elyvilon.
  2650 | D:4      | Found a staircase to the Ecumenical Temple.
  3123 | D:4      | You fall into a shaft and drop 2 floors!
  3139 | D:6      | Noticed a scorpion
  3142 | D:6      | Killed a scorpion
  3143 | D:6      | Reached skill level 7 in Axes
  3143 | D:6      | Reached XP level 5. HP: 45/45 MP: 4/4
  3158 | D:6      | HP: 1/45 [gnoll sergeant/+2 trident of flaming (2)]
  3159 | D:6      | Reached skill level 8 in Axes
  3163 | D:6      | Reached XP level 6. HP: 16/51 MP: 5/5
  3353 | D:6      | Reached skill level 9 in Axes
  3370 | D:6      | Reached XP level 7. HP: 32/57 MP: 6/6
  3410 | D:6      | Reached skill level 10 in Axes
  3424 | D:6      | Noticed Blork the orc
  3431 | D:6      | Reached *** piety under Trog
  3441 | D:6      | Killed Blork the orc
  3446 | D:6      | Reached skill level 11 in Axes
  3446 | D:6      | Found an ancient bone altar of Kikubaaqudgha.
  3446 | D:6      | Found a hide-covered altar of Uskayaw.
  3579 | D:6      | Found a sand-covered staircase.
  3591 | Ossuary  | Entered an ossuary
  3782 | Ossuary  | Reached XP level 8. HP: 55/64 MP: 7/7
  3921 | Ossuary  | Reached skill level 12 in Axes
  4710 | D:7      | HP: 2/64 [something (2)]
  4710 | D:7      | Slain by a vampire

Illustrated notes

Levels and vault maps discovered:
D:1:      minmay_arrival_shattered_statue, layout_basic
D:2:      layout_basic, dilly_ecumenical_altar_fadedgnrine,
          kennysheep_generic_room_3
D:3:      layout_basic, overflow_temple_1_default, grunt_gozag_statues,
          serial_shops, shop, grunt_decor_clamped, uniq_crazy_yiuf_cottage
D:4:      layout_cave_pods, mainiacjoe_overflow_paths, temple_fountains
D:6:      layout_basic, jmf_multi_god_temple,
          lightli_ossuary_entry_decrepit_ruins, uniq_blork_the_orc
D:7:      layout_basic, makhleb_grotto_becter, serial_shops, nicolae_shop_trees

Skill      XL: |  1  2  3  4  5  6  7  8 |
---------------+-------------------------+-----
Axes           | 4 5 6 7 8 9 11 12 | 12.7
Fighting       | |  3.6
Armour         | |  2.4
Dodging        | |  2.2

Action                   |  1- 3 |  4- 6 |  7- 9 || total
-------------------------+-------+-------+-------++-------
Melee: Hand axe          |    93 |       |       ||    93
       Headbutt          |     9 |     3 |    27 ||    39
       Punch             |     2 |       |       ||     2
       Quarterstaff      |       |    57 |   132 ||   189
Throw: Stone             |    15 |     9 |       ||    24
Invok: Berserk           |       |     1 |     1 ||     2
  Use: Scroll            |       |    11 |     4 ||    15
Armor: Plate armour      |    50 |    54 |    89 ||   193
       Animal skin       |     1 |       |       ||     1
Dodge: Dodged            |    43 |    75 |    68 ||   186
